 Dungeon Crawl Stone Soup version 0.30.1-11-g7821555f0a (webtiles) character file.

Game seed: 580376499588068779

11106 Peloso the Carver (level 11, -1/99 HPs)
             Began as a Minotaur Fighter on Nov 12, 2023.
             Was an Initiate of Okawaru.
             Slain by an ice devil (20 damage)
             ... on level 8 of the Dungeon.
             The game lasted 00:25:28 (9401 turns).

Peloso the Carver (Minotaur Fighter)                Turns: 9401, Time: 00:25:30

Health: -1/99      AC: 20    Str: 21    XL:     11   Next: 45%
Magic:  10/10      EV:  8    Int:  5    God:    Okawaru [......]
Gold:   597        SH:  6    Dex: 14    Spells: 10/10 levels left

rFire   . . .        a - +5 long sword
rCold   . . .        d - +0 buckler
rNeg    + . .        I - +0 plate armour
rPois   .            c - +1 hat
rElec   .            A - +2 cloak
rCorr   .            (no gloves)
SInv    .            p - +0 pair of boots
Will    .....        g - amulet of regeneration Stlth
                     k - ring of positive energy
HPRegen 1.16/turn    (no ring)
MPRegen 0.12/turn

%: no passive effects
@: about to teleport, very slow
A: horns 2, retaliatory headbutt
a: Renounce Religion


You were on level 8 of the Dungeon.
You worshipped Okawaru.
Okawaru was noncommittal.
You visited 2 branches of the dungeon, and saw 12 of its levels.
You visited the Abyss 1 time.
You also visited: Ossuary and Ice Cave.

You collected 744 gold pieces.
You spent 147 gold pieces at shops.

Inventory:

Hand Weapons
 a - a +5 long sword (weapon)
 b - the +7 short sword of Dissent {holy, rN+ Int+2}
   (You found it on level 5 of the Dungeon)

   Int:       It affects your intelligence (+2).
   rN:        It protects you from negative energy.
Missiles
 C - a throwing net (quivered)
Armour
 c - a +1 hat (worn)
 d - a +0 buckler (worn)
 p - a +0 pair of boots (worn)
 s - a +1 chain mail
 A - a +2 cloak (worn)
 I - a +0 plate armour (worn)
Magical Staves
 v - the staff of fire "Unewour" {+Blink rElec rF+ Will-}
   (You found it in an ice cave)

   [staff of fire]

   Base accuracy: +5 Base damage: 5 Base attack delay: 1.2 This weapon's minimum
   attack delay (0.6) is reached at skill level 12.
   rF:        It protects you from fire.
   rElec:     It insulates you from electricity.
   +Blink:    It lets you blink.
   Will:      It decreases your willpower.
   It falls into the 'Staves' category.
   It is a one-handed weapon.
Jewellery
 g - an amulet of regeneration (around neck)
 k - a ring of positive energy (left hand)
 m - a ring of ice
 q - a ring of wizardry
 z - a +6 ring of intelligence
Wands
 h - a wand of mindburst (7)
Scrolls
 e - 2 scrolls of immolation
 f - a scroll of fog
 i - a scroll of enchant armour
 j - 2 scrolls of noise
 l - 7 scrolls of teleportation
 n - a scroll of amnesia
 o - a scroll of magic mapping
 x - a scroll of blinking
 y - a scroll of brand weapon
 B - a scroll of enchant weapon
Potions
 r - a potion of lignification
 t - 4 potions of curing
 u - 4 potions of magic
 w - a potion of haste
 D - a potion of mutation
 E - a potion of invisibility {unknown}
 F - a potion of brilliance
 H - a potion of flight


   Skills:
 + Level 10.0 Fighting
 + Level 3.0(8.2) Short Blades
 + Level 13.0(13.2) Long Blades
 + Level 4.6 Maces & Flails
 + Level 0.5(2.9) Staves
 + Level 10.8 Armour
 + Level 4.6 Dodging
 + Level 1.8 Stealth
 + Level 7.8 Shields
 + Level 0.5 Evocations


You had 10 spell levels left.
You didn't know any spells.
Your spell library contained the following spells:

 Spells                   Type           Power      Damage    Failure   Level
 Freeze                   Ice            0%         1d3       100%        1
 Necrotise                Necr           0%         1d4       100%        1
 Blink                    Tloc           0%         N/A       100%        2
 Ensorcelled Hibernation  Hex/Ice        0%         N/A       100%        2
 Scorch                   Fire           0%         2d5       100%        2
 Sublimation of Blood     Necr           0%         N/A       100%        2
 Wereblood                Tmut           0%         N/A       100%        2
 Dazzling Flash           Conj/Hex       0%         N/A       100%        3
 Frozen Ramparts          Ice            0%         1d1       100%        3
 Hailstorm                Conj/Ice       0%         3d3       100%        3
 Vampiric Draining        Necr           0%         2d6       100%        3
 Volatile Blastmotes      Fire/Tloc      0%         2d10      100%        3
 Flame Wave               Conj/Fire      0%         2d4       100%        4
 Ice Form                 Ice/Tmut       0%         N/A       100%        4
 Iskenderun's Mystic Bla  Conj/Tloc      0%         2d3       100%        4
 Manifold Assault         Tloc           0%         N/A       100%        4
 Agony                    Necr           0%         N/A       100%        5
 Fireball                 Conj/Fire      0%         3d3       100%        5
 Iskenderun's Battlesphe  Conj           0%         2d6       100%        5
 Conjure Ball Lightning   Conj/Air       0%         3x3d6     100%        6
 Starburst                Conj/Fire      0%         6d3       100%        6
 Orb of Destruction       Conj           0%         9d5       100%        7
 Storm Form               Tmut/Air       0%         N/A       100%        7
 Polar Vortex             Ice            0%         N/A       100%        9
 Summon Cactus Giant      Summ           Unusable   N/A       N/A         6
 Summon Hydra             Summ           Unusable   N/A       N/A         7

Dungeon Overview and Level Annotations

Branches:
Dungeon (11/15)            Temple (1/1) D:7            Lair (0/5) D:10
    Orc (0/2) D:11        Ossuary (visited)           IceCv (visited)

Altars:
Ashenzari
Cheibriados
Dithmenos
Elyvilon
Fedhas
Gozag
Hepliaklqana
Kikubaaqudgha
Makhleb
Nemelex Xobeh
Okawaru
Qazlal
Ru
Sif Muna
Trog
Uskayaw
Vehumet
Wu Jian
Xom
Yredelemnul
Zin
The Shining One

Shops:
D:3 ?   D:8 (

Annotations:
D:1 Dig
D:10 1 runed translucent door, Beranek's ghost, novice MiFi


Innate Abilities, Weirdness & Mutations

You have a pair of horns on your head.
You reflexively headbutt those who attack you in melee.


Message History

You hit the ice devil.
The ice devil is lightly wounded.
The ice devil misses you. You furiously retaliate!
You headbutt the ice devil! You barely miss the ice devil.
The ice devil is moderately wounded.
The ice devil hits you! The ice devil freezes you!
You hit the ice devil.
The ice devil is moderately wounded.
Your unstable footing causes you to fumble your attack.
The ice devil hits you but does no damage.
You slash the ice devil!
The ice devil is heavily wounded.
The ice devil hits you but does no damage.
You closely miss the ice devil.
The ice devil is heavily wounded.
The ice devil hits you but does no damage.
You closely miss the ice devil.
You headbutt the ice devil, but do no damage.
The ice devil is heavily wounded.
The ice devil hits you. The ice devil freezes you!!
You barely miss the ice devil.
The ice devil is heavily wounded.
You completely miss the ice devil. You headbutt the ice devil.
The ice devil is severely wounded.
The ice devil hits you but does no damage.
You hit the ice devil. Your headbutt misses the ice devil.
The ice devil is severely wounded.
The ice devil hits you but does no damage.
As you read the scroll of teleportation, it crumbles to dust.
You feel strangely unstable. The ice devil hits you!
The ice devil freezes you!!
* * * LOW HITPOINT WARNING * * *
Unknown command.
You barely miss the ice devil.
You headbutt the ice devil, but do no damage.
The ice devil is severely wounded.
The ice devil hits you!
* * * LOW HITPOINT WARNING * * *
The ice devil freezes you!!
You die...

########.#....#...#~~#..#
.........♣....#.........#
.......~~~....#.........#
######~~~~~~..##..###..##
#<.....~~~~..###..## .#
####...~.~~..# #.!.#...#
...'..P♣...♣.# #4W.....#
####...#.....# #4#...#.#
#...####### #@#~#~# #.
#...####### ####### #.#
#...##.P♣.# #.#
#......♣..# #.#
######P..♣## #.. #P..♣.#
#.# . #.#...# #.###...
### #.....# . #......_
..#########...#....
#.###...


You could see 2 ice devils and a freezing wraith.

Vanquished Creatures
  A hydra (D:7)
  An ugly thing (IceCv)
  3 ice statues (IceCv)
  Maurice (D:10)
  An unseen horror (D:10)
  A freezing wraith (IceCv)
  Psyche (D:10)
  An ice devil (D:8)
  3 vampires
  A dire elephant simulacrum (IceCv)
  A starcursed mass (D:10)
  12 yaks
  A wyvern (D:9)
  2 steam dragons
  2 death yak simulacra (IceCv)
  4 vampire mosquitoes (D:10)
  A harpy simulacrum (IceCv)
  A small abomination (Abyss:2)
  2 orc warriors
  2 ice beasts
  A sky beast (D:6)
  4 centaurs
  2 ogres
  3 bullfrogs
  2 gnoll sergeants
  3 scorpions
  A water moccasin zombie (Ossuary)
  2 cane toad simulacra (IceCv)
  15 wights
  3 killer bees (D:10)
  3 howler monkeys
  3 hounds
  A bullfrog zombie (Ossuary)
  2 centaur zombies (Ossuary)
  A quasit (D:8)
  A gnoll bouda (D:9)
  4 orc priests
  4 jellies
  Crazy Yiuf (D:4)
  A scorpion zombie (Ossuary)
  5 iguanas
  8 orc wizards
  A polar bear simulacrum (IceCv)
  A mummy (Ossuary)
  12 gnolls
  11 adders
  3 shadow imps
  5 white imps
  8 ufetubi
  A worm (D:2)
  4 dart slugs
  19 orcs
  8 ball pythons
  3 bats
  6 endoplasms
  3 giant cockroaches
  11 goblins
  6 hobgoblins
  4 jackals
  12 kobolds
  2 quokkas
  2 frilled lizards
  7 gnoll zombies (Ossuary)
  3 goblin zombies (Ossuary)
  6 orc zombies (Ossuary)
  2 quokka zombies (D:8)
  7 rats
  A spectral kobold (D:6)
260 creatures vanquished.

Vanquished Creatures (others)
  An orc warrior (D:10)
1 creature vanquished.

Grand Total: 261 creatures vanquished

Notes
Turn   | Place    | Note
-------+----------+-------------------------------------------
     0 | D:1      | Peloso the Minotaur Fighter began the quest for the Orb.
     0 | D:1      | Reached XP level 1. HP: 19/19 MP: 0/0
   151 | D:1      | Reached XP level 2. HP: 27/27 MP: 1/1
   524 | D:1      | Reached skill level 3 in Long Blades
   524 | D:1      | Found a faded altar of an unknown god.
   697 | D:1      | Reached XP level 3. HP: 33/33 MP: 2/2
   747 | D:2      | You fall into a shaft and drop 2 floors!
  1037 | D:2      | Reached skill level 1 in Dodging
  1037 | D:2      | Reached XP level 4. HP: 39/40 MP: 3/3
  1250 | D:2      | Reached skill level 4 in Long Blades
  1757 | D:3      | Found a glowing golden altar of the Shining One.
  1758 | D:3      | Found a shimmering blue altar of Sif Muna.
  1819 | D:3      | Found a broken altar of Ashenzari.
  1981 | D:3      | Reached XP level 5. HP: 47/47 MP: 4/4
  2065 | D:3      | Found Yghuv's Magic Scroll Shoppe.
  2078 | D:3      | Bought a scroll of brand weapon for 133 gold pieces
  2078 | D:3      | Bought a scroll of noise for 14 gold pieces
  2146 | D:3      | Reached skill level 1 in Maces & Flails
  2598 | D:4      | Noticed a centaur
  2605 | D:4      | Killed a centaur
  2606 | D:4      | Reached XP level 6. HP: 53/53 MP: 5/5
  2688 | D:4      | Reached skill level 5 in Armour
  2736 | D:4      | Found a runed translucent door.
  2737 | D:4      | Noticed Crazy Yiuf
  2747 | D:4      | Killed Crazy Yiuf
  2919 | D:4      | Found a large runed translucent door.
  2919 | D:4      | Found a large runed translucent door.
  2986 | D:4      | Found a basalt altar of Yredelemnul.
  2997 | D:4      | Found a sparkling altar of Nemelex Xobeh.
  3070 | D:5      | Entered Level 5 of the Dungeon
  3070 | D:5      | Noticed an ice beast
  3088 | D:5      | Killed an ice beast
  3089 | D:5      | Reached skill level 5 in Fighting
  3089 | D:5      | Reached XP level 7. HP: 61/61 MP: 6/6
  3233 | D:5      | Identified the +7 short sword of Dissent {holy, rN+ Int+2}
  3298 | D:5      | Reached skill level 5 in Long Blades
  3533 | D:6      | Found an ornate altar of the Wu Jian Council.
  3580 | D:6      | Reached skill level 6 in Long Blades
  3591 | D:6      | Reached XP level 8. HP: 54/69 MP: 7/7
  3760 | D:6      | Reached skill level 7 in Long Blades
  3760 | D:6      | Reached skill level 5 in Shields
  4079 | D:6      | Found a hazy altar of Hepliaklqana.
  4197 | D:7      | Found a staircase to the Ecumenical Temple.
  4206 | Temple   | Entered the Ecumenical Temple
  4378 | D:7      | Reached skill level 8 in Long Blades
  4575 | D:8      | Noticed a four-headed hydra
  4587 | D:8      | Found Ruschag's Antique Weapon Shop.
  4608 | D:8      | Found a stormy altar of Qazlal.
  4693 | D:8      | Found a sand-covered staircase.
  4700 | Ossuary  | Entered an ossuary
  4789 | Ossuary  | Reached skill level 1 in Short Blades
  4804 | Ossuary  | Reached XP level 9. HP: 78/78 MP: 8/8
  4826 | Ossuary  | Noticed a silent spectre
  5088 | D:9      | Found a glowing silver altar of Zin.
  5256 | D:9      | Reached skill level 9 in Long Blades
  5600 | D:9      | Reached skill level 10 in Long Blades
  5889 | D:9      | Reached skill level 1 in Stealth
  6013 | D:10     | Entered Level 10 of the Dungeon
  6023 | D:10     | Noticed Psyche
  6038 | D:10     | Reached XP level 10. HP: 63/88 MP: 9/9
  6081 | Abyss:2  | Cast into level 2 of the Abyss (Psyche)
  6096 | Abyss:2  | Found a corrupted altar of Lugonu.
  6118 | Abyss:2  | Noticed a starcursed mass
  6125 | D:10     | Escaped the Abyss
  6131 | D:10     | Killed a starcursed mass
  6192 | D:10     | Killed Psyche
  6214 | D:10     | Found a staircase to the Lair.
  6384 | D:10     | Reached skill level 11 in Long Blades
  6726 | D:10     | Found a runed translucent door.
  6849 | D:10     | Noticed Maurice
  6859 | D:10     | Killed Maurice
  7093 | D:10     | Noticed Beranek's ghost (novice MiFi)
  7167 | D:11     | Found a frozen archway.
  7191 | IceCv    | Entered an ice cave
  7229 | IceCv    | Noticed an ice statue
  7229 | IceCv    | Noticed a white ugly thing
  7255 | IceCv    | Killed a white ugly thing
  7256 | IceCv    | Reached skill level 10 in Armour
  7423 | IceCv    | Noticed an ice statue
  7634 | IceCv    | Noticed an ice statue
  7650 | IceCv    | Killed an ice statue
  7693 | IceCv    | Killed an ice statue
  7694 | IceCv    | Reached skill level 12 in Long Blades
  7694 | IceCv    | Reached XP level 11. HP: 35/97 MP: 10/10
  8304 | IceCv    | Got Dumyajod's Handbook of the Crevasse
  8307 | IceCv    | Identified the staff of fire "Unewour" {+Blink rElec rF+
                  | Will-}
  8778 | D:7      | Killed a four-headed hydra
  8779 | D:7      | Reached skill level 13 in Long Blades
  8965 | D:8      | Found an iron altar of Okawaru.
  9004 | D:8      | Became a worshipper of Warmaster Okawaru
  9145 | D:8      | Reached skill level 10 in Fighting
  9401 | D:8      | Slain by an ice devil

Illustrated notes

Levels and vault maps discovered:
D:1:      grunt_arrival_crossed_arrows, layout_loops_ring,
          ebering_ecumenical_altar_ruins, due_unseen_surprise
D:2:      layout_basic, chequers_serial_rivers_large_b, grunt_ministairs_7,
          minmay_misc_feat_room, hangedman_feature_mirror
D:3:      layout_basic, nicolae_ashenzari_skybound, minitemple, serial_shops,
          shop, item_on_display_a
D:4:      layout_basic, jmf_multi_god_temple2, palyth_stone_intersect,
          minmay_small_thing, uniq_crazy_yiuf_cottage
D:5:      layout_basic, minmay_joined_circles, uniq_prince_ribbit1,
          uniq_blork_the_orc
D:6:      layout_cave_pools, nzn_wu_jian_contemplation,
          nicolae_hepliaklqana_monster_ancestors
D:7:      layout_rooms, minmay_temple_entry_sparse_star
D:8:      layout_basic, grunt_qazlal_clouds, okawaru_trees_2, enter_ossuary_4,
          serial_demonic, serial_demonic_f, serial_demonic_b, serial_demonic_e,
          serial_demonic_b, serial_demonic_a, serial_demonic_e,
          serial_demonic_b, serial_shops, shop, hangedman_decor_clover_reticule,
          minmay_misc_feat_diagonals, hangedman_abyss_or_decor_lesser_grid,
          hellmonk_guarded_unrand_frostbite
D:9:      layout_gridville, lemuel_round_altar
D:10:     layout_long_grid, grunt_lair_entry_orc_guard_hut,
          ebering_ghost_reflecting_pool, uniq_psyche, uniq_maurice
D:11:     gammafunk_the_bubble [the_bubble_gammafunk_plus_minus],
          layout_irregular_city, erik_orc_2, portal_ice_cave_entry_pillars_1,
          minivault_11, nicolae_dithmenos_shadow_blocks
Temple:   nicolae_temple_ecumenical_triangle

Skill      XL: |  1  2  3  4  5  6  7  8  9 10 11 |
---------------+----------------------------------+-----
Shields        | 4 5 6 7 |  7.8
Armour         | 4 5 6 7 8 10 | 10.8
Long Blades    | 3 4 6 8 10 12 13 | 13.0
Fighting       | 4 5 6 7 9 10 | 10.0
Dodging        | 1 2 3 4 |  4.6
Maces & Flails | 3 4 |  4.6
Short Blades   | 1 2 3 |  3.0
Stealth        | 1 |  1.8
Staves         | |  0.5
Evocations     | |  0.5

Action                     |  1- 3 |  4- 6 |  7- 9 | 10-12 || total
---------------------------+-------+-------+-------+-------++-------
  Melee: Long sword        |    88 |    73 |   320 |   347 ||   828
         Headbutt          |    10 |    22 |    73 |    99 ||   204
         Demon whip        |       |    63 |       |       ||    63
         Short sword       |       |       |    48 |     2 ||    50
         Unarmed           |       |       |       |     1 ||     1
         Staff             |       |       |       |    14 ||    14
  Evoke: Wand              |       |       |       |     4 ||     4
    Use: Potion            |     4 |       |       |     9 ||    13
         Scroll            |       |     3 |    15 |     7 ||    25
 Armour: Scale mail        |    48 |    62 |       |       ||   110
         Chain mail        |       |       |   227 |    68 ||   295
         Plate armour      |       |       |       |   238 ||   238
         Skin              |       |       |       |     3 ||     3
  Dodge: Dodged            |    52 |    57 |   194 |   143 ||   446
  Block: Buckler           |    27 |    37 |    93 |   105 ||   262
